 Dungeon Crawl Stone Soup version 0.26-a0-30-g56b8cd3df0 (webtiles) character file.

Game seed: 5330816095261298635, levelgen mode: deterministic

47 bmfx the Firebug (level 3, 0/14 HPs)
             Began as a Felid Fire Elementalist on May 29, 2020.
             Slain by a gnoll
             ... wielding a +0 whip of venom
              (5 damage)
             ... on level 2 of the Dungeon.
             The game lasted 00:06:07 (2242 turns).

bmfx the Firebug (Felid Fire Elementalist)          Turns: 2242, Time: 00:06:07

Health: 0/14       AC:  1    Str:  4    XL:     3   Next: 48%
Magic:  3/7        EV: 18    Int: 17    God:
Gold:   85         SH:  0    Dex: 16    Spells: 2/6 levels left
                                        Lives:  0   Deaths: 0

rFire    . . .     SeeInvis +   (weapon unavailable)
rCold    . . .     Gourm    .   (shield unavailable)
rNeg     . . .     Faith    .   (armour unavailable)
rPois    .         Spirit   .   (helmet unavailable)
rElec    .         Reflect  .   (cloak unavailable)
rCorr    .         Harm     .   (gloves unavailable)
MR       .....                  (boots unavailable)
Stlth    +++.......             (no amulet)
HPRegen  0.04/turn              (no ring)
MPRegen  0.10/turn              (no ring)

@: hasted, very quick
A: very small, no armour, no weapons or thrown items, stealth, claws 1, fangs 3,
see invisible, carnivore, speed 1, shaggy fur 1, slow metabolism 1, sharp paws
a: no special abilities


You were on level 2 of the Dungeon.
You were very full.

You visited 1 branch of the dungeon, and saw 2 of its levels.

You collected 85 gold pieces.


Innate Abilities, Weirdness & Mutations

You cannot wear armour.
You are incapable of wielding weapons or throwing items.
Your paws allow you to move quietly. (Stealth)
You have sharp claws.
You have razor-sharp teeth.
You have supernaturally acute eyesight. (SInv)
You are carnivorous and can eat meat at any time.
You cover ground quickly.
You are covered in fur. (AC +1)
You have a slow metabolism.
Your sharp claws are effective at attacking unaware monsters.

Dungeon Overview and Level Annotations

Branches:
Dungeon (2/15)

Altars:

Annotations:
D:2 exclusion: adder


   Skills:
 - Level 3.0 Dodging
 - Level 3.0 Stealth
 + Level 2.1 Spellcasting
 + Level 2.0 Conjurations
 + Level 3.3 Fire Magic


You had 2 spell levels left.
You knew the following spells:

 Your Spells              Type           Power        Failure   Level  Hunger
A - Foxfire               Conj/Fire      ##..         6%          1    #......
B - Conjure Flame         Conj/Fire      ##......     19%         3    ###....

Your spell library contained the following spells:

 Spells                   Type           Power        Failure   Level  Hunger
 Inner Flame              Hex/Fire       #.......     28%         3    ###....
 Sticky Flame             Conj/Fire      ##......     54%         4    #####..
 Fireball                 Conj/Fire      ##........   87%         5    ######.

Action                   || total
-------------------------++-------
Melee: Unarmed           ||     1
 Cast: Foxfire           ||    66
  Use: Scroll            ||     5
       Potion            ||     2
 Stab: Sleeping          ||     1
  Eat: Chunk             ||    10
Dodge: Dodged            ||     8

Skill      XL: |  1  2  3 |
---------------+----------+-----
Conjurations   | 1 2 |  2.0
Stealth        | 3 |  3.0
Dodging        | 3 |  3.0
Fire Magic     | 3 |  3.3
Spellcasting   | |  2.1

Inventory:

Potions
 c - 2 potions of curing {@q2}
 d - a potion of heal wounds {@q1}
Comestibles
 b - 3 rations

#####.### ##...#
#g......##
##.....
#g###g#..##
##...... #.*
#.#...####.......
#.*
#.v......+.......
#.*
###§§.####.......
#.* #§.##
##......
#.#####.##
##..... #..g@g..#
##.S.# #######.#
*#'## #.# *.# #.#
*,#*
#.#*********,,,
#..,,,,,,,,,,,*
###*******,,,,,
**,,,* *,,,*


You could see 2 gnolls.

Vanquished Creatures
  A gnoll (D:1)
  An ooze (D:1)
  3 worms (D:2)
  A dart slug (D:1)
  2 giant cockroaches (D:1)
  4 hobgoblins (D:1)
  2 jackals (D:1)
  A ball python (D:2)
  3 bats
  2 frilled lizards (D:1)
  2 kobolds
  3 rats
25 creatures vanquished.

Vanquished Creatures (others)
  85 foxfires
  5 toadstools (D:1)
90 creatures vanquished.

Grand Total: 115 creatures vanquished

Levels and vault maps discovered:
D:1:      ldierk_walled_garden, layout_basic, corexii_item_surrounded_by_moat,
          hex_tiny
D:2:      layout_loops_corners


Message History

You conjure some foxfire!
The gnoll shouts!
The gnoll closely misses you.
The foxfire hits the gnoll.
The gnoll is moderately wounded.
Your foxfire dissipates!
The gnoll barely misses you.
Casting: Foxfire (safe; 6% risk of failure)
Confirm with . or Enter, or press ? or * to list all spells.
You conjure some foxfire!
The foxfire hits the gnoll but does no damage.
The gnoll is moderately wounded.
The gnoll closely misses you.
You aren't carrying any scrolls.
Unknown command.
It was a potion of haste.
You feel yourself speed up.
Casting: Foxfire (safe; 6% risk of failure)
Confirm with . or Enter, or press ? or * to list all spells.
Nothing appears to happen.
The gnoll hits you with a +0 halberd.
The gnoll hits you with a +0 whip of venom.
You die...

Notes
Turn   | Place    | Note
-------+----------+-------------------------------------------
     0 | D:1      | bmfx the Felid Fire Elementalist began the quest for the
                  | Orb.
     0 | D:1      | Reached XP level 1. HP: 7/7 MP: 4/4
    58 | D:1      | Reached skill level 1 in Conjurations
   338 | D:1      | Reached XP level 2. HP: 11/11 MP: 4/6
  1122 | D:1      | Reached XP level 3. HP: 14/14 MP: 4/7
  1390 | D:1      | Learned a level 3 spell: Conjure Flame
  2242 | D:2      | Slain by a gnoll
